 Dungeon Crawl Stone Soup version 0.26-a0-812-g31a745ddcd (webtiles) character file.

Game seed: 17880715818160788547

600 mkm the Poker (level 7, -3/63 HPs)
             Began as a Minotaur Berserker on Nov 21, 2020.
             Was a Believer of Trog.
             Slain by a water moccasin (4 damage)
             ... on level 6 of the Dungeon.
             The game lasted 00:11:42 (3974 turns).

mkm the Poker (Minotaur Berserker)                  Turns: 3974, Time: 00:11:43

Health: -3/63      AC:  7    Str: 23      XL:     7   Next: 18%
Magic:  6/6        EV: 12    Int:  2 (4)  God:    Trog [**....]
Gold:   248        SH:  0    Dex: 10      Spells: 6/6 levels left

rFire    . . .     SeeInvis .   e - +2 rapier (venom)
rCold    . . .     Faith    .   (no shield)
rNeg     . . .     Spirit   .   d - +0 ring mail
rPois    .         Reflect  .   (helmet restricted)
rElec    .         Harm     .   f - +0 cloak
rCorr    .         Rampage  .   (no gloves)
MR       ++...                  (no boots)
Stlth    +.........             (no amulet)
HPRegen  1.20/turn              (no ring)
MPRegen  0.10/turn              (no ring)

@: lethally poisoned (-3 -> -5), berserk cooldown, regenerating
A: retaliatory headbutt, horns 2
a: Berserk, Trog's Hand, Renounce Religion


You were on level 6 of the Dungeon.
You worshipped Trog.
Trog was pleased with you.
You visited 1 branch of the dungeon, and saw 6 of its levels.

You collected 248 gold pieces.

Inventory:

Hand Weapons
 a - a +0 spear
 e - a +2 rapier of venom (weapon)
 k - a +0 flail
Armour
 b - a scarf of resistance
 d - a +0 ring mail (worn)
 f - a +0 cloak (worn)
Wands
 o - a wand of random effects (27)
Scrolls
 c - 4 scrolls of identify
 g - 3 scrolls of blinking
 i - 3 scrolls of remove curse
 j - 3 scrolls of teleportation
 m - a scroll of enchant weapon {unknown}
 n - a scroll of fear {unknown}
Potions
 h - a potion of cancellation
 l - a potion of flight


   Skills:
 + Level 6.0 Fighting
 + Level 0.4 Short Blades
 + Level 6.4 Polearms
 + Level 5.1 Armour
 + Level 3.7 Dodging
 + Level 0.4 Stealth


You had 6 spell levels left.
You didn't know any spells.
Your spell library was empty.

Dungeon Overview and Level Annotations

Branches:
Dungeon (6/15)
 Temple: D:4-7

Altars:
Nemelex Xobeh

Annotations:
D:4 2 transporters, 3 runed translucent doors, p0werm0de's ghost, amateur DDFi
D:5 two boss, Menkaure; Prince Ribbit


Innate Abilities, Weirdness & Mutations

You reflexively headbutt those who attack you in melee.
You have a pair of horns on your head.


Message History

Your skin crawls.
You feel resistant to hostile enchantments.
You feel sick. The water moccasin bites you.
* * * LOW HITPOINT WARNING * * *
You are lethally poisoned!
The water moccasin poisons you!
The water moccasin bites you but does no damage.
Your skin crawls.
You feel resistant to hostile enchantments.
* * * LOW HITPOINT WARNING * * *
You feel very sick. The water moccasin barely misses you.
You furiously retaliate!
You headbutt the water moccasin!
The water moccasin bites you but does no damage.
Your magical effects are unravelling.
You feel magically purged.
You feel yourself speed up.
* * * LOW HITPOINT WARNING * * *
You feel sick. The water moccasin bites you.
You die...

#.##.
#...
#..#
#..#
#<.#
#..#
#..#
#####..#
#.S@†..#
#.####.#
... ...
.....
#.##
.......
.#
....Z..
.#
..#....
.#
.......


You could see a water moccasin.

Vanquished Creatures
  A sky beast (D:6)
  A phantom (D:4)
  A centaur (D:3)
  A howler monkey (D:4)
  An orc priest (D:3)
  Jessica (D:3)
  Ijyb (D:3)
  An iguana (D:4)
  An orc wizard (D:3)
  A hound skeleton (D:3)
  6 adders
  A white imp (D:6)
  3 worms
  2 adder skeletons (D:3)
  An adder zombie (D:6)
  A dart slug (D:2)
  A leopard gecko (D:1)
  8 orcs
  5 bats
  5 giant cockroaches
  10 hobgoblins
  3 jackals (D:1)
  3 quokkas
  2 ball pythons
  5 frilled lizards
  A giant cockroach zombie (D:3)
  6 goblins
  9 kobolds
  A leopard gecko skeleton (D:4)
  A rat (D:1)
84 creatures vanquished.

Vanquished Creatures (others)
  6 withered plants (D:3)
6 creatures vanquished.

Grand Total: 90 creatures vanquished

Notes
Turn   | Place    | Note
-------+----------+-------------------------------------------
     0 | D:1      | mkm the Minotaur Berserker began the quest for the Orb.
     0 | D:1      | Reached XP level 1. HP: 19/19 MP: 0/0
   250 | D:1      | Reached XP level 2. HP: 25/27 MP: 1/1
   632 | D:1      | You fall into a shaft and drop 1 floor!
  1220 | D:2      | Reached XP level 3. HP: 34/34 MP: 2/2
  1265 | D:2      | Found a faded altar of an unknown god.
  1759 | D:2      | Reached XP level 4. HP: 41/41 MP: 3/3
  1910 | D:3      | Reached ** piety under Trog
  2110 | D:3      | Found a sparkling altar of Nemelex Xobeh.
  2423 | D:3      | Reached skill level 5 in Polearms
  2440 | D:3      | Reached skill level 5 in Fighting
  2440 | D:3      | Reached XP level 5. HP: 28/48 MP: 4/4
  2689 | D:3      | Noticed a centaur
  2706 | D:3      | Killed a centaur
  2710 | D:3      | Noticed Ijyb
  2710 | D:3      | Reached XP level 6. HP: 46/56 MP: 5/5
  2715 | D:3      | Paralysed by Ijyb for 4 turns
  2732 | D:3      | Paralysed by Ijyb for 5 turns
  2746 | D:3      | Killed Ijyb
  2834 | D:3      | Noticed Jessica
  2851 | D:3      | Killed Jessica
  3382 | D:4      | Found a transporter.
  3384 | D:4      | Noticed an ice beast
  3395 | D:4      | Noticed an ice beast
  3453 | D:4      | Noticed an ice beast
  3461 | D:4      | Found a runed translucent gate.
  3461 | D:4      | Found a runed translucent gate.
  3461 | D:4      | Found a runed translucent gate.
  3488 | D:4      | Noticed p0werm0de's ghost (amateur DDFi)
  3488 | D:4      | Noticed an ice beast
  3505 | D:4      | Found a transporter.
  3892 | D:5      | Entered Level 5 of the Dungeon
  3934 | D:5      | Noticed Menkaure
  3934 | D:5      | Noticed Prince Ribbit
  3950 | D:6      | Noticed a sky beast
  3963 | D:6      | Noticed a water moccasin
  3964 | D:6      | Killed a sky beast
  3964 | D:6      | Reached skill level 5 in Armour
  3964 | D:6      | Reached XP level 7. HP: 51/63 MP: 6/6
  3972 | D:6      | HP: 2/63 [water moccasin (4)]
  3974 | D:6      | Slain by a water moccasin

Illustrated notes

Levels and vault maps discovered:
D:1:      wander_arrival_peaceful_grave, layout_loops_ring
D:2:      layout_basic, serial_glass, glass_columns_b, glass_columns_a,
          chequers_ecumenical_altar_island
D:3:      layout_loops_cross, nemelex_xobeh_ov_fountains_minmay, serial_undead,
          serial_undead_b, serial_undead_e, serial_undead_d, serial_undead_a,
          serial_undead_e, serial_undead_f, chequers_serial_rivers_micro_d,
          uniq_jessica, uniq_ijyb
D:4:      gammafunk_cloud_chamber, layout_cave_pools, gammafunk_ghost_icy,
          grunt_ministairs_3, chequers_serial_rivers_large_a
D:5:      layout_rooms, nicolae_ru_path_of_blood, uniq_prince_ribbit1,
          uniq_menkaure
D:6:      layout_loops_ring, uniq_sigmund

Skill      XL: |  1  2  3  4  5  6 |
---------------+-------------------+-----
Fighting       | 4 5 6 |  6.0
Polearms       | 4 5 6 |  6.4
Armour         | 3 4 5 |  5.1
Dodging        | 3 |  3.7
Short Blades   | |  0.4
Stealth        | |  0.4

Action                   |  1- 3 |  4- 6 |  7- 9 || total
-------------------------+-------+-------+-------++-------
Melee: Spear             |    84 |   148 |       ||   232
       Headbutt          |    18 |    32 |     2 ||    52
       Rapier            |       |    30 |     2 ||    32
Invok: Berserk           |     1 |     5 |       ||     6
       Trog's Hand       |       |     2 |     2 ||     4
  Use: Potion            |     5 |     5 |     1 ||    11
       Scroll            |     4 |       |       ||     4
Armor: Ring mail         |    27 |    75 |     2 ||   104
Dodge: Dodged            |    51 |   107 |     2 ||   160

Table legend: (Time is in decaauts)
 A = Elapsed time spent in this place.
 B = Non-inter-level travel time spent in this place.
 C = Inter-level travel time spent in this place.
 D = Time resting spent in this place.
 E = Time spent auto-exploring this place.
 F = Levels seen in this place.
 G = Mean time per level.
                   A        B        C        D        E       F      G
               +--------+--------+--------+--------+--------+-----+--------+
         Total |   3977 |   3860 |    117 |    215 |   2691 |   6 |  662.8 |
       Dungeon |   3977 |   3860 |    117 |    215 |   2691 |   6 |  662.8 |
               +--------+--------+--------+--------+--------+-----+--------+

Top non-repeatable levels by time:
     D:3: 1131 daAuts
     D:1: 1032 daAuts
     D:2: 866 daAuts
     D:4: 863 daAuts
     D:5: 51 daAuts
     D:6: 31 daAuts
